 Dungeon Crawl Stone Soup version 0.30.1 (webtiles) character file.

Game seed: 10494345094495968378

263 AgateBread the Magician (level 5, 0/28 HPs)
             Began as a Deep Elf Fire Elementalist on July 1, 2023.
             Killed by divine providence
             ... invoked by an orc priest
              (15 damage)
             ... on level 4 of the Dungeon on July 2, 2023.
             The game lasted 00:21:25 (5519 turns).

AgateBread the Magician (DEFE)                      Turns: 5519, Time: 00:21:25

Health: 0/28       AC:  4    Str:  5    XL:     5   Next: 98%
Magic:  11/15      EV: 11    Int: 22    God:
Gold:   116        SH:  0    Dex: 15    Spells: 9/15 levels left

rFire   . . .        B - +0 falchion (holy)
rCold   . . .        (no shield)
rNeg    . . .        o - +0 leather armour
rPois   +            u - +0 helmet
rElec   .            (no cloak)
rCorr   .            (no gloves)
SInv    .            (no boots)
Will    .....        (no amulet)
Stlth   +++          r - ring of poison resistance
HPRegen 0.24/turn    (no ring)
MPRegen 0.14/turn

%: no passive effects
@: no status effects
A: no striking features
a: no special abilities


You were on level 4 of the Dungeon.
You visited 1 branch of the dungeon, and saw 4 of its levels.

You collected 116 gold pieces.

Inventory:

Hand Weapons
 e - a +0 falchion
 t - a +0 sling
 v - a +0 spear of distortion
 A - a +0 quarterstaff
 B - a +0 falchion of holy wrath (weapon)
Missiles
 q - 2 boomerangs
 x - a throwing net
 y - 4 poisoned darts
Armour
 a - a +0 robe
 c - a +1 ring mail of fire resistance
 o - a +0 leather armour (worn)
 u - a +0 helmet (worn)
Jewellery
 r - a ring of poison resistance (left hand)
 z - an amulet of faith
Wands
 m - a wand of charming (7)
Scrolls
 j - a scroll of enchant weapon
 l - 2 scrolls of teleportation
 s - a scroll of fear {unknown}
Potions
 b - a potion of magic
 d - a potion of mutation
 g - 2 potions of curing
 h - a potion of degeneration {unknown}
 n - a potion of flight {unknown}
 w - a potion of brilliance {unknown}


   Skills:
 - Level 2.4 Dodging
 + Level 5.0 Stealth
 + Level 5.5 Spellcasting
 - Level 1.1 Conjurations
 + Level 5.0 Fire Magic


You had 9 spell levels left.
You knew the following spells:

 Your Spells              Type           Power      Damage    Failure   Level
a - Foxfire               Conj/Fire      76%        2x1d7     4%          1
b - Scorch                Fire           56%        2d7       3%          2
c - Stone Arrow           Conj/Erth      16%        3d8       36%         3

Your spell library contained the following spells:

 Spells                   Type           Power      Damage    Failure   Level
 Inner Flame              Hex/Fire       17%        N/A       17%         3
 Volatile Blastmotes      Fire/Tloc      34%        2d12      17%         3
 Flame Wave               Conj/Fire      19%        2d7       41%         4
 Sticky Flame             Conj/Fire      19%        2d4       41%         4
 Animate Armour           Summ/Erth      12%        N/A       85%         4
 Lehudib's Crystal Spear  Conj/Erth      4%         10d3      100%        8


Dungeon Overview and Level Annotations

Branches:
Dungeon (4/15)
 Temple: D:4-7

Altars:
The Shining One

Shops:
D:2 ?

Annotations:
D:4 Robin


Message History

You conjure some foxfire!
Casting: Foxfire (safe; 4% risk of failure)
Press: ? - help, Q - select action, (/) - cycle Dir - look around, f - activate You conjure some foxfire!
Casting: Foxfire (safe; 4% risk of failure)
Press: ? - help, Q - select action, (/) - cycle Dir - look around, f - activate You conjure some foxfire!
The foxfire hits the goblin.
You kill the goblin!
Your foxfire dissipates!
Your foxfire dissipates!
Your foxfire dissipates! x2
Your foxfire dissipates!
You see here a quokka corpse.
A goblin comes into view. It is wielding a +0 club.
The goblin moves out of view.
Casting: Foxfire (safe; 4% risk of failure)
Press: ? - help, Q - select action, (/) - cycle Dir - look around, f - activate You conjure some foxfire!
An orc priest comes into view. It is wielding a +0 dagger.
Casting: Foxfire (safe; 4% risk of failure)
Press: ? - help, Q - select action, (/) - cycle Dir - look around, f - activate You conjure some foxfire!
The foxfire hits the goblin.
You kill the goblin!
The foxfire hits the orc priest but does no damage.
The orc priest begins to cast a cantrip, but forgets the words!
The foxfire hits the orc priest.
The orc priest is moderately wounded.
The foxfire hits the orc priest but does no damage.
The orc priest is moderately wounded.
The orc priest mumbles some strange prayers to Beogh against you.
Beogh smites you!
Ouch! That really hurt!
You see here a quokka corpse.
Things that are here:
a +0 short sword; an orc corpse The orc priest mumbles some strange prayers to Beogh against you.
Beogh smites you!
Ouch! That really hurt!
You die...

#...... #.....#
##....# ##.....#
#######).....#
##............#
#.............#
.........†)@..#
.....[).......#
...#.............)#
#...###o###.......#
#.. ...# ####....#
#. ##)## ....# . .(
#### .)# ...


You could see an orc priest.

Vanquished Creatures
  An orc priest (D:4)
  2 orc wizards
  4 gnolls
  5 adders
  A dart slug (D:3)
  5 orcs
  8 ball pythons
  7 endoplasms
  5 giant cockroaches
  9 hobgoblins
  4 jackals (D:1)
  8 kobolds
  3 quokkas
  3 bats
  2 frilled lizards
  15 goblins
  6 rats
88 creatures vanquished.

Vanquished Creatures (others)
  An orc (D:4)
  136 foxfires
137 creatures vanquished.

Grand Total: 225 creatures vanquished

Notes
Turn   | Place    | Note
-------+----------+-------------------------------------------
     0 | D:1      | AgateBread the Deep Elf Fire Elementalist began the quest
                  | for the Orb.
     0 | D:1      | Reached XP level 1. HP: 10/10 MP: 6/6
   335 | D:1      | Reached XP level 2. HP: 15/15 MP: 5/8
   559 | D:1      | Learned a level 2 spell: Scorch
  1133 | D:1      | Reached XP level 3. HP: 17/19 MP: 8/10
  2183 | D:2      | Found Izigepor's Magic Scroll Shop.
  2375 | D:2      | Learned a level 3 spell: Stone Arrow
  3344 | D:2      | Reached XP level 4. HP: 24/24 MP: 9/12
  4329 | D:3      | Reached XP level 5. HP: 28/28 MP: 11/14
  4735 | D:3      | Reached skill level 5 in Spellcasting
  4871 | D:3      | Found a glowing golden altar of the Shining One.
  5210 | D:4      | Noticed Robin
  5403 | D:4      | Reached skill level 5 in Stealth
  5403 | D:4      | Reached skill level 5 in Fire Magic
  5519 | D:4      | Killed from afar by an orc priest

Illustrated notes

Levels and vault maps discovered:
D:1:      ncdulo_lavacross, layout_loops_ring, st_stairs_7
D:2:      layout_loops_corners, serial_shops, shop
D:3:      layout_loops_cross, mainiacjoe_overflow_alcove_4,
          minmay_misc_feat_more_columns
D:4:      layout_rooms, marbit_many_paths, grunt_gozag_breadcrumbs,
          mainiacjoe_overflow_two_lobes, minmay_temple_entry_stoned_glass,
          uniq_robin

Skill      XL: |  1  2  3  4  5 |
---------------+----------------+-----
Stealth        | 3 4 5 |  5.0
Spellcasting   | 4 5 |  5.5
Fire Magic     | 4 5 |  5.0
Dodging        | |  2.4
Conjurations   | |  1.1

Action                     |  1- 3 |  4- 6 || total
---------------------------+-------+-------++-------
  Melee: Falchion          |    18 |     7 ||    25
   Cast: Foxfire           |    39 |    41 ||    80
         Scorch            |    18 |    28 ||    46
  Evoke: Wand              |       |     5 ||     5
    Use: Scroll            |       |     4 ||     4
 Armour: Robe              |    16 |       ||    16
         Leather armour    |       |    11 ||    11
  Dodge: Dodged            |    45 |    13 ||    58
